 Dungeon Crawl Stone Soup version 0.26.0-45-g9c1d065592 (webtiles) character file.

Game seed: 2026505570736550200

1866 H0rd4k the Martial Artist (level 9, -1/55 HPs)
             Began as an Octopode Transmuter on Jan 28, 2021.
             Killed by nerve-wracking pain
             ... invoked by an orc priest
              (6 damage)
             ... on level 7 of the Dungeon.
             The game lasted 00:07:15 (7486 turns).

H0rd4k the Martial Artist (Octopode Transmuter)     Turns: 7486, Time: 00:07:15

Health: -1/55      AC:  1    Str: 16    XL:     9   Next: 13%
Magic:  14/14      EV: 19    Int: 18    God:
Gold:   323        SH:  0    Dex: 12    Spells: 5/14 levels left

rFire    + . .     SeeInvis .     - Unarmed
rCold    x . .     Faith    .   (no shield)
rNeg     . . .     Spirit   .   (helmet currently unavailable)
rPois    .         Reflect  .   (no amulet)
rElec    .         Harm     .   j - ring of fire
rCorr    .         Rampage  .   n - +6 ring of strength
Will     .....                  q - ring of wizardry
Stlth    ++++......             s - +4 ring of evasion
HPRegen  0.18/turn              (no ring)
MPRegen  0.14/turn              (no ring)
                                (no ring)
                                (no ring)

@: appendages (expiring), marked
A: almost no armour, stealthy swim, amphibious, 8 rings, constrict 8, tentacle
spike 3, camouflage 1, gelatinous body 1
a: End Transformation


You were on level 7 of the Dungeon.
One of your tentacles had a temporary spike.
You visited 1 branch of the dungeon, and saw 7 of its levels.

You collected 323 gold pieces.

Inventory:

Magical Staves
 r - an uncursed staff of death
Jewellery
 j - a ring of fire (left tentacle)
 n - a +6 ring of strength (right tentacle)
 p - an uncursed ring of fire
 q - a ring of wizardry (on tentacle)
 s - a +4 ring of evasion (on tentacle)
 x - a +6 ring of strength
 E - an uncursed ring of fire
Wands
 m - a wand of random effects (8)
 o - a wand of digging (5)
Scrolls
 a - a scroll of enchant armour {unknown}
 b - 8 scrolls of identify {unknown}
 c - 5 scrolls of remove curse {unknown}
 d - 2 scrolls of random uselessness {unknown}
 i - 2 scrolls of amnesia {unknown}
 l - a scroll of fog {unknown}
 v - a scroll of enchant weapon {unknown}
 w - a scroll of fear {unknown}
 y - 3 scrolls of teleportation {unknown}
 A - a scroll of noise {unknown}
 D - a scroll of brand weapon {unknown}
Potions
 e - 2 potions of lignification {unknown}
 f - 4 potions of curing
 g - 3 potions of might
 h - 2 potions of brilliance {unknown}
 k - 4 potions of haste {unknown}
 t - a potion of invisibility {unknown}
 u - 2 potions of berserk rage {unknown}
 z - 2 potions of heal wounds {unknown}
 B - a potion of resistance {unknown}
 C - a potion of ambrosia {unknown}


   Skills:
 + Level 2.9 Fighting
 + Level 4.4 Dodging
 + Level 7.1 Stealth
 + Level 8.3 Unarmed Combat
 + Level 3.3 Spellcasting
 + Level 3.6 Transmutations
 + Level 1.3 Poison Magic
 + Level 0.6 Evocations


You had 5 spell levels left.
You knew the following spells:

 Your Spells              Type           Power        Failure   Level
a - Beastly Appendage     Tmut           32%          1%          1
b - Spider Form           Tmut/Pois      6%           7%          3
c - Blade Hands           Tmut           8%           34%         5

Your spell library contained the following spells:

 Spells                   Type           Power        Failure   Level
 Wereblood                Tmut           16%          2%          2
 Ice Form                 Ice/Tmut       9%           28%         4


Dungeon Overview and Level Annotations

Branches:
Dungeon (7/15)             Temple (0/1) D:5

Altars:
Ashenzari
Fedhas
Hepliaklqana
Xom

Annotations:
D:4 Blork the orc
D:5 exclusion: sky beast
D:6 exclusion: ice beast
D:7 Maggie


Innate Abilities, Weirdness & Mutations

You cannot wear most types of armour.
You are very stealthy in the water. (Stealth+)
You are amphibious.
You can wear up to eight rings at the same time.
You can use your tentacles to constrict eight enemies at once.
Your skin changes colour to match your surroundings (Stealth+).
Your rubbery body absorbs attacks. (AC +1, EV +1)
One of your tentacles bears a large vicious spike.


Message History

You pierce the orc wizard.
You kill the orc wizard!
Your transformation is almost over.
Maggie hits you from afar with a +2 halberd of flaming.
Maggie burns you.
Maggie mumbles some strange words.
Maggie attempts to bespell you! You resist with almost no effort.
The white imp gestures at you. The puff of frost hits you!!
You feel a terrible chill!
* * * LOW HITPOINT WARNING * * *
Maggie casts a spell.
Maggie attempts to bespell you! You resist with almost no effort.
An orc and an orc priest come into view.
The orc priest is wielding a +0 trident and wearing a +2 chain mail of cold resistance.
You feel better.
The orc warrior hits you with a +0 mace!
* * * LOW HITPOINT WARNING * * *
The orc priest mumbles some strange prayers to Beogh against you.
Pain shoots through your body!
You die...

# .... #.####
#......
##....######.....
............$....
#.....<.........
#.o..###.##..#.#
#.o..# #.##..#.#
#....# #.##..#.###..
#...@###............
#####ooK.......###.
####o5##.#.#
#.#.#..##.# #
........)).#
.....#5@####
........# .....#...
.>.Y.....


You could see an orc warrior, a big kobold, an orc priest, a white imp and 3
orcs.

Vanquished Creatures
  Sigmund (D:3)
  An orc warrior (D:6)
  A necrophage (D:6)
  A phantom (D:6)
  2 ogres
  A water moccasin skeleton (D:5)
  A scorpion (D:6)
  A howler monkey (D:4)
  A bullfrog zombie (D:6)
  A centaur zombie (D:6)
  3 jellies
  A gnoll shaman (D:6)
  4 orc priests
  3 hounds
  A bullfrog skeleton (D:5)
  Jessica (D:3)
  An iguana (D:6)
  6 orc wizards
  6 worker ants
  A hound skeleton (D:6)
  10 adders
  6 gnolls
  A shadow imp (D:7)
  5 white imps
  An ooze (D:2)
  An adder skeleton (D:5)
  7 worms
  A dart slug (D:1)
  3 leopard geckos
  27 orcs
  6 giant cockroaches
  12 goblins
  7 hobgoblins
  12 jackals
  3 quokkas
  3 bats
  4 frilled lizards
  3 kobolds
  A leopard gecko skeleton (D:4)
  A leopard gecko zombie (D:5)
  A quokka skeleton (D:6)
  A quokka zombie (D:5)
  6 rats
160 creatures vanquished.

Vanquished Creatures (others)
  A black bear (D:6)
  A worker ant (D:6)
  A quokka skeleton (D:6)
3 creatures vanquished.

Grand Total: 163 creatures vanquished

Notes
Turn   | Place    | Note
-------+----------+-------------------------------------------
     0 | D:1      | H0rd4k the Octopode Transmuter began the quest for the Orb.
     0 | D:1      | Reached XP level 1. HP: 13/13 MP: 3/3
    62 | D:1      | Reached XP level 2. HP: 11/18 MP: 5/5
   530 | D:1      | Reached XP level 3. HP: 20/23 MP: 6/6
   701 | D:2      | Reached skill level 4 in Unarmed Combat
   975 | D:2      | Found a blossoming altar of Fedhas.
  1111 | D:2      | Reached skill level 1 in Stealth
  1248 | D:2      | Reached XP level 4. HP: 14/28 MP: 7/7
  2052 | D:2      | Learned a level 3 spell: Spider Form
  2113 | D:3      | Reached XP level 5. HP: 26/33 MP: 6/8
  2349 | D:3      | Noticed Jessica
  2353 | D:3      | Killed Jessica
  2410 | D:3      | Found a broken altar of Ashenzari.
  2568 | D:3      | Noticed Sigmund
  2576 | D:3      | Killed Sigmund
  2577 | D:3      | Reached skill level 5 in Unarmed Combat
  2577 | D:3      | Reached XP level 6. HP: 20/39 MP: 7/9
  3326 | D:4      | Noticed Blork the orc
  3392 | D:4      | Reached XP level 7. HP: 44/44 MP: 6/10
  3557 | D:4      | Reached skill level 5 in Stealth
  3737 | D:4      | Reached skill level 6 in Unarmed Combat
  4267 | D:5      | Entered Level 5 of the Dungeon
  4599 | D:5      | Found a staircase to the Ecumenical Temple.
  4699 | D:5      | Reached XP level 8. HP: 36/50 MP: 12/12
  4916 | D:5      | Noticed a troll
  5045 | D:6      | Found a shimmering altar of Xom.
  5237 | D:6      | Reached skill level 7 in Unarmed Combat
  5665 | D:6      | Reached skill level 1 in Poison Magic
  6383 | D:6      | Found a hazy altar of Hepliaklqana.
  6636 | D:6      | Reached skill level 8 in Unarmed Combat
  6636 | D:6      | Reached XP level 9. HP: 51/55 MP: 9/13
  7235 | D:5      | Learned a level 5 spell: Blade Hands
  7478 | D:7      | Noticed Maggie
  7486 | D:7      | Killed from afar by an orc priest

Illustrated notes

Levels and vault maps discovered:
D:1:      shiori_shiawase, layout_rooms, hangedman_abyss_or_decor_lesser_grid
D:2:      layout_basic, grunt_decor_one_mirror, fedhas_ov_isle_minmay
D:3:      layout_rooms, nicolae_overflow_crystal_walls,
          chequers_serial_rivers_marsh, uniq_sigmund, uniq_jessica
D:4:      layout_cave_pods, serial_glass, glass_columns_c, glass_columns_b,
          glass_columns_a, glass_columns_b, glass_columns_b, glass_columns_a,
          uniq_blork_the_orc
D:5:      layout_basic, temple_doors_cd, minmay_misc_feat_hallway,
          kennysheep_generic_room_16
D:6:      cheibrodos_quashed, layout_loops_ring, xom_confusion_cloud,
          nzn_hepliaklqana_mist_gate, minmay_starry_boxes
D:7:      layout_basic, minmay_overflow_temple_star_hex, st_stairs_4,
          guppyfry_early_elven_hall, uniq_harold, uniq_maggie

Skill      XL: |  1  2  3  4  5  6  7  8 |
---------------+-------------------------+-----
Unarmed Combat | 4 5 6 8 |  8.3
Stealth        | 2 4 5 7 |  7.1
Dodging        | 3 4 |  4.4
Transmutations | 3 |  3.6
Fighting       | 2 |  2.9
Spellcasting   | 3 |  3.3
Poison Magic   | 1 |  1.3
Evocations     | |  0.6

Action                   |  1- 3 |  4- 6 |  7- 9 || total
-------------------------+-------+-------+-------++-------
Melee: Unarmed           |    84 |    87 |   235 ||   406
       Constrict         |    21 |    16 |    60 ||    97
       Tentacles         |     9 |    11 |    40 ||    60
       Kick              |       |     5 |    38 ||    43
       Punch             |       |     5 |     9 ||    14
 Cast: Beastly Appendage |       |     3 |    17 ||    20
       Spider Form       |       |     1 |     4 ||     5
Evoke: Wand              |       |       |     4 ||     4
  Use: Potion            |       |     2 |     1 ||     3
 Stab: Sleeping          |     2 |    10 |     9 ||    21
       Distracted        |     1 |       |       ||     1
Armor: Skin              |    10 |     4 |     5 ||    19
Dodge: Dodged            |    42 |    46 |   174 ||   262
